 Dungeon Crawl Stone Soup version 0.24-a0-7-g1bb0902 (webtiles) character file.

Game seed: 5124293314327919615

2977 Lanoc the Chopper (level 9, -1/69 HPs)
             Began as a Demonspawn Chaos Knight on Jan 31, 2019.
             Was a Follower of Uskayaw.
             Killed from afar by Harold (9 damage)
             ... with a harpoon shot
             ... on level 7 of the Dungeon.
             The game lasted 00:19:14 (5344 turns).

Lanoc the Chopper (Demonspawn Chaos Knight)         Turns: 5344, Time: 00:19:15

Health: -1/69      AC: 10    Str: 15 (16) XL:     9   Next: 53%
Magic:  0/13       EV: 13    Int: 13 (14) God:    Uskayaw [*.....]
Gold:   271        SH:  0    Dex:  8 (12) Spells: 8/8 levels left

rFire    . . .     SeeInvis .   a - +1 hand axe (chaos)
rCold    . . .     Gourm    .   (no shield)
rNeg     . . .     Faith    .   b - +2 leather armour
rPois    .         Spirit   +   (helmet restricted)
rElec    .         Reflect  .   (no cloak)
rCorr    .         Harm     .   D - +1 pair of gloves
MR       .....                  (no boots)
Stlth    +.........             (no amulet)
HPRegen  0.21/turn              x - +1 ring of slaying
MPRegen  0.26/turn              t - +3 ring of protection

@: drained
A: antennae 2, screaming 1, spiny 2, magic shield, magic regeneration, no potion
heal 1
a: Stomp, Renounce Religion


You were on level 7 of the Dungeon.
You worshipped Uskayaw.
Uskayaw was noncommittal.
You were not hungry.

You visited 2 branches of the dungeon, and saw 8 of its levels.
You also visited: Sewer and Bailey.

You collected 271 gold pieces.

Inventory:

Hand Weapons
 a - a +1 hand axe of chaos (weapon)
 C - a +2 hand axe of flaming
Armour
 b - a +2 leather armour (worn)
 D - a +1 pair of gloves (worn)
Jewellery
 f - an uncursed ring of resist corrosion
 t - a +3 ring of protection (right hand)
 x - a +1 ring of slaying (left hand)
Wands
 h - a wand of iceblast (9)
 s - a wand of enslavement (4)
 y - a wand of flame (15)
Scrolls
 g - 3 scrolls of remove curse
 l - a scroll of fog
 o - a scroll of acquirement {unknown}
 p - a scroll of identify
 r - a scroll of enchant weapon
 w - a scroll of enchant armour
 A - a scroll of amnesia
Potions
 d - 2 potions of magic
 e - 2 potions of flight
 k - 2 potions of brilliance
 m - a potion of cancellation
 n - a potion of haste
 u - a potion of curing
 v - a potion of ambrosia
Comestibles
 c - 10 rations


   Skills:
 + Level 6.1(5.3) Fighting
 * Level 7.8(6.9) Axes
 + Level 5.2(4.4) Armour
 + Level 5.0(4.2) Dodging
 + Level 6.4(5.6) Invocations


You had 8 spell levels left.
You didn't know any spells.
Your spell library contained the following spells:

 Spells                   Type           Power        Failure   Level  Hunger
 Animate Skeleton         Necr           N/A          36%         1    ##.....
 Apportation              Tloc           #.....       36%         1    ##.....
 Confusing Touch          Hex            #.....       36%         1    ##.....
 Summon Small Mammal      Summ           #...         36%         1    ##.....


Dungeon Overview and Level Annotations

Branches:
Dungeon (7/15)             Temple (1/1) D:5

Altars:
Elyvilon
Hepliaklqana
Uskayaw
Vehumet
Xom

Shops:
D:6 (

Annotations:
D:7 Harold


Innate Abilities, Weirdness & Mutations

You have a pair of antennae on your head.
You are mostly covered in sharp spines.
When hurt, damage is shared between your health and your magic reserves.
You regenerate magic rapidly.
You occasionally shout uncontrollably at your foes.
Potions are less effective at restoring your health.


Message History

* * * LOW HITPOINT WARNING * * *
You slash Menkaure! You freeze Menkaure.
You destroy Menkaure!
You feel your intelligence returning.
Your base Dodging skill increases to level 5!
You can now pass through a line of other dancers.
You start resting.
You can no longer pass through a line of other dancers.
The sentinel's mark upon you fades away.
You start resting.
Harold is too close now for your liking.
Harold casts a spell at you. The harpoon shot hits you!
* * * LOW HITPOINT WARNING * * *
You are yanked forward by the harpoon shot.
Harold throws a throwing net.
The throwing net closely misses you.
Harold throws a throwing net.
The throwing net barely misses you. Harold casts a spell at you.
The harpoon shot hits you!
You die...

{#.###.#
#........
#.###.#
#........
#.....#
#........
#..#####
#........
#......#
####.......) #
#.####.#
...+......).
#.#......##.#
#......).
#.........@.#
######'##
####..@.....#
######'##
#......(...##
#........
##.#.(......#
#........
#...........#
#........
#.##........#
#........
##.##.(......#
##........
##............#
#..<......
#..≈≈≈≈≈≈≈.####
#.........
#..≈#####≈.#
####)).......


You could see Harold.

Vanquished Creatures
  Grinder (D:6)
  Eustachio (D:6)
  Menkaure (D:7)
  Duvessa (D:7)
  4 orc warriors
  A phantom (D:5)
  2 sky beasts (D:6)
  A centaur (D:5)
  A crocodile (Sewer)
  Blork the orc (D:6)
  3 bullfrogs
  Dowan (D:7)
  A water moccasin zombie (D:6)
  3 crimson imps
  2 centaur skeletons (D:4)
  A jelly (D:7)
  6 orc wizards
  A bullfrog skeleton (D:4)
  3 iguanas
  4 worker ants
  A hound skeleton (D:4)
  Robin (D:2)
  3 gnolls
  8 adders
  2 shadow imps
  An ooze (D:4)
  An adder zombie (D:5)
  3 dart slugs
  3 leopard geckos
  22 orcs
  7 bats
  5 giant cockroaches
  19 goblins
  18 hobgoblins
  10 jackals
  3 quokkas
  2 ball pythons
  7 frilled lizards
  8 kobolds
  6 rats
169 creatures vanquished.

Vanquished Creatures (collateral kills)
  An orc knight (Bailey)
  3 gnolls (Bailey)
4 creatures vanquished.

Grand Total: 173 creatures vanquished

Notes
Turn   | Place    | Note
-------+----------+-------------------------------------------
     0 | D:1      | Lanoc the Demonspawn Chaos Knight began the quest for the
                  | Orb.
     0 | D:1      | Reached XP level 1. HP: 18/18 MP: 1/1
    14 | D:1      | Reached skill level 1 in Dodging
    63 | D:1      | Gained mutation: When hurt, damage is shared between your
                  | health and your magic reserves. [demonic ancestry]
    63 | D:1      | Reached XP level 2. HP: 18/24 MP: 2/2
    65 | D:1      | Reached skill level 3 in Axes
    78 | D:1      | XOM: divination: magic mapping
   114 | D:1      | XOM: harmless Conj miscast
   255 | D:1      | XOM: harmless Hex miscast
   314 | D:1      | Gained mutation: You are partially covered in sharp spines.
                  | [demonic ancestry]
   314 | D:1      | Reached XP level 3. HP: 29/29 MP: 1/3
   350 | D:1      | XOM: harmless Tloc miscast
   397 | D:1      | XOM: divination: detect creatures
   439 | D:2      | Noticed Robin
   448 | D:2      | Killed Robin
   451 | D:2      | Gained mutation: You regenerate magic rapidly. [demonic
                  | ancestry]
   451 | D:2      | Reached XP level 4. HP: 28/35 MP: 4/4
   462 | D:2      | XOM: potion effect (heal wounds)
   493 | D:2      | XOM: divination: detect items
   637 | D:2      | XOM: silly message
   977 | D:3      | Found a hide-covered altar of Uskayaw.
   987 | D:3      | Fell from the grace of Xom
   987 | D:3      | Became a worshipper of Uskayaw the Reveler
  1454 | D:3      | Reached * piety under Uskayaw
  1699 | D:4      | Reached ** piety under Uskayaw
  1704 | D:4      | Found a shimmering altar of Xom.
  1709 | D:4      | Reached skill level 4 in Axes
  1709 | D:4      | Reached skill level 1 in Invocations
  1709 | D:4      | Reached XP level 5. HP: 21/42 MP: 3/5
  1709 | D:4      | Reached *** piety under Uskayaw
  1737 | D:4      | Found a glowing drain.
  1751 | Sewer    | Entered a sewer
  1760 | Sewer    | XOM: 2-stop teleportation journey
  1813 | Sewer    | Noticed a crocodile
  1820 | Sewer    | Killed a crocodile
  2301 | D:4      | Gained mutation: You are mostly covered in sharp spines.
                  | [demonic ancestry]
  2301 | D:4      | Reached XP level 6. HP: 48/48 MP: 7/7
  2427 | D:4      | XOM: give mutations
  2427 | D:4      | Gained mutation: Scrolls take you a little longer to read.
                  | [Xom's mischief]
  2427 | D:4      | Lost mutation: Scrolls take you a little longer to read.
                  | [Xom's mischief]
  2776 | D:5      | Entered Level 5 of the Dungeon
  2945 | D:5      | Found a white marble altar of Elyvilon.
  2975 | D:5      | Reached skill level 5 in Axes
  2975 | D:5      | Reached XP level 7. HP: 54/54 MP: 9/9
  3008 | D:5      | Found a staircase to the Ecumenical Temple.
  3017 | Temple   | Entered the Ecumenical Temple
  3213 | D:5      | Gained mutation: You occasionally shout uncontrollably at
                  | your foes. [potion of mutation]
  3213 | D:5      | Gained mutation: You are somewhat resistant to further
                  | mutation. [potion of mutation]
  3519 | D:6      | Found a radiant altar of Vehumet.
  3646 | D:6      | Found Biviohac's Antique Weapon Boutique.
  3666 | D:6      | XOM: mild Chrm miscast
  3739 | D:6      | Noticed Eustachio
  3755 | D:6      | Reached **** piety under Uskayaw
  3756 | D:6      | Killed Eustachio
  3756 | D:6      | Reached skill level 6 in Axes
  3756 | D:6      | Gained mutation: You have a pair of small antennae on your
                  | head. [demonic ancestry]
  3756 | D:6      | Reached XP level 8. HP: 21/61 MP: 5/11
  3954 | D:6      | Found a hazy altar of Hepliaklqana.
  4000 | D:6      | Noticed Grinder
  4011 | D:6      | Killed Grinder
  4011 | D:6      | Reached skill level 5 in Fighting
  4082 | D:6      | Noticed a six-headed hydra
  4235 | D:6      | Noticed Blork the orc
  4242 | D:6      | Killed Blork the orc
  4290 | D:6      | XOM: summons 1 hostile shadow creature
  4403 | D:7      | Reached skill level 5 in Invocations
  4428 | D:7      | XOM: summons 1 hostile shadow creature
  4441 | D:7      | Noticed Dowan
  4442 | D:7      | Noticed Duvessa
  4450 | D:7      | Killed Duvessa
  4457 | D:7      | Killed Dowan
  4459 | D:7      | Found a flagged portal.
  4494 | Bailey   | Entered a bailey
  4523 | Bailey   | Reached skill level 7 in Axes
  4523 | Bailey   | Reached XP level 9. HP: 56/68 MP: 11/13
  4574 | Bailey   | XOM: 1-stop teleportation journey
  4575 | Bailey   | Noticed an orc knight
  4575 | Bailey   | Noticed an orc knight
  4575 | Bailey   | Noticed an orc warlord
  4575 | Bailey   | Noticed an orc knight
  4705 | Bailey   | Noticed an orc knight
  4741 | Bailey   | Killed an orc knight
  4741 | Bailey   | Reached skill level 5 in Armour
  5176 | D:7      | XOM: draining
  5190 | D:7      | XOM: give mutations
  5190 | D:7      | Gained mutation: Potions are less effective at restoring
                  | your health. [Xom's mischief]
  5190 | D:7      | Gained mutation: You are dopey. (Int -2) [Xom's mischief]
  5190 | D:7      | Lost mutation: You are dopey. (Int -2) [Xom's mischief]
  5269 | D:7      | XOM: severe Pois miscast
  5271 | D:7      | Lost mutation: You occasionally shout uncontrollably at
                  | your foes. [potion of mutation]
  5271 | D:7      | Lost mutation: You are somewhat resistant to further
                  | mutation. [potion of mutation]
  5271 | D:7      | Gained mutation: You occasionally shout uncontrollably at
                  | your foes. [potion of mutation]
  5271 | D:7      | Gained mutation: You have a pair of antennae on your head.
                  | [potion of mutation]
  5278 | D:7      | Noticed Harold
  5318 | D:7      | Noticed Menkaure
  5325 | D:7      | Killed Menkaure
  5325 | D:7      | Reached skill level 5 in Dodging
  5344 | D:7      | Killed from afar by Harold

Vault maps used:
D:1:      dpeg_arrival_arbitrary_c
D:2:      wad_lake_hut, grunt_dithmenos_smoke_and_mirrors,
          nicolae_gozag_cash_rules_everything_around_me,
          chequers_ecumenical_altar_twisty, minmay_stone_trees_medium,
          uniq_robin, uniq_natasha
D:3:      eat_drink_and_be_merry_uskayaw, serial_corexii_hall,
          chequers_hall_statues_wall_a, corexii_hall_statues_deadend,
          corexii_hall_statues_l, patterned_corridor
D:4:      old_standard_altar, portal_sewer_entry_d
D:5:      elyvilon_altar_4, minmay_temple_entry_statues_fountains, first_ration
D:6:      lemuel_round_altar, fiery_altar_vehumet, serial_shops,
          nicolae_shop_overgrown_old_shop, lightli_corner_chamber,
          uniq_eustachio, uniq_blork_the_orc, uniq_grinder
D:7:      enter_bailey_3, uniq_duvessa, uniq_harold, uniq_menkaure
Temple:   regret_index_temple_generic_petals
Sewer:    sewer_the_crocodile
Bailey:   bailey_axe_minmay_hex_keep, bailey

Skill      XL: |  1  2  3  4  5  6  7  8  9 |
---------------+----------------------------+-----
Dodging        | 1 2 3 4 5 |  5.0
Axes           | 3 4 5 6 7 |  7.8
Armour         | 2 3 4 5 |  5.2
Invocations    | 1 2 4 5 6 |  6.4
Fighting       | 4 5 6 |  6.1

Action                   |  1- 3 |  4- 6 |  7- 9 || total
-------------------------+-------+-------+-------++-------
Melee: Hand axe          |    69 |   138 |   224 ||   431
Invok: Line Pass         |       |       |     1 ||     1
       Stomp             |       |       |     1 ||     1
Evoke: Wand              |       |       |     2 ||     2
  Use: Scroll            |       |     5 |    13 ||    18
       Potion            |       |       |     8 ||     8
 Stab: Confused          |       |     1 |       ||     1
       Paralysed         |       |       |    28 ||    28
  Eat: Chunk             |       |     6 |     9 ||    15
Armor: Leather armour    |    25 |    26 |    57 ||   108
Dodge: Dodged            |    46 |    93 |   145 ||   284

Table legend:
 A = Non-vault XP
 B = Vault XP
 C = Vault XP percentage of total XP
 D = Non-vault monster count
 E = Vault monster count
 F = Vault count percentage of total count
                 A         B        C        D         E       F
            +---------+---------+-------+---------+---------+-------
      Total |    2074 |    2179 |  51.2 |     111 |      62 |  35.8
            +---------+---------+-------+---------+---------+-------
        D:1 |      47 |       0 |   0.0 |      27 |       0 |   0.0
        D:2 |      45 |      36 |  44.4 |       6 |      13 |  68.4
        D:3 |      24 |       0 |   0.0 |      15 |       0 |   0.0
        D:4 |     255 |      13 |   4.9 |      13 |       1 |   7.1
        D:5 |     454 |       0 |   0.0 |      15 |       0 |   0.0
        D:6 |     685 |     565 |  45.2 |      19 |       3 |  13.6
        D:7 |     564 |     407 |  41.9 |      16 |       7 |  30.4
      Sewer |       0 |     112 | 100.0 |       0 |       6 | 100.0
     Bailey |       0 |    1046 | 100.0 |       0 |      32 | 100.0
            +---------+---------+-------+---------+---------+-------
